 Dungeon Sprint DCSS version 0.25.1-2-g60ff931df9 (webtiles) character file.

Game seed: 17972468758215651219

3035 raphialitos the Blocker (level 9, -2/93 HPs)
             Began as a Minotaur Fighter on Oct 27, 2020.
             Was a Believer of Wu Jian.
             Slain by a demonic crawler (5 damage)
             ... in the Dungeon (Sprint I: "Red Sonja").
             The game lasted 00:04:22 (1389 turns).

raphialitos the Blocker (Minotaur Fighter)          Turns: 1389, Time: 00:04:23

Health: -2/93      AC:  9    Str: 25    XL:     9   Next: 56%
Magic:  8/8        EV: 11    Int:  5    God:    Wu Jian [**....]
Gold:   434        SH: 13    Dex:  9    Spells: 8/8 levels left

rFire    . . .     SeeInvis .   a - +0 long sword
rCold    . . .     Gourm    .   c - +0 kite shield
rNeg     . . .     Faith    .   b - +0 scale mail
rPois    .         Spirit   .   (helmet restricted)
rElec    .         Reflect  .   (no cloak)
rCorr    .         Harm     .   (no gloves)
MR       .....     NoTele   +   (no boots)
Stlth    ..........             (no amulet)
HPRegen  0.25/turn              (no ring)
MPRegen  0.11/turn              (no ring)

@: no status effects
A: retaliatory headbutt, horns 2
a: Wall Jump, Renounce Religion


You were in the Dungeon.
You worshipped Wu Jian.
Wu Jian was pleased with you.
You were near starving.

You visited 1 branch You collected 434 gold pieces.

Inventory:

Hand Weapons
 a - a +0 long sword (weapon)
Armour
 b - a +0 scale mail (worn)
 c - a +0 kite shield (worn)
Wands
 l - a wand of random effects (17)
Scrolls
 k - a scroll of blinking
Potions
 i - 2 potions of magic
Comestibles
 f - 4 rations


   Skills:
 + Level 13.4 Fighting
 + Level 13.5 Long Blades
 + Level 12.0 Armour
 + Level 3.7 Dodging
 + Level 0.5 Stealth
 + Level 13.7 Shields


You had 8 spell levels left.
You didn't know any spells.
Your spell library was empty.

Dungeon Overview and Level Annotations

Branches:
Dungeon (1/1)

Altars:
Cheibriados
Dithmenos
Elyvilon
Fedhas
Gozag
Hepliaklqana
Kikubaaqudgha
Makhleb
Nemelex Xobeh
Okawaru
Qazlal
Ru
Sif Muna
Trog
Uskayaw
Vehumet
Wu Jian
Xom
Yredelemnul
Zin
The Shining One
Jiyva
Lugonu

Shops:
D :


Innate Abilities, Weirdness & Mutations

You reflexively headbutt those who attack you in melee.
You have a pair of horns on your head.


Message History

You headbutt the demonic crawler! The demonic crawler barely misses you.
You block the demonic crawler's attack.
You spin and attack the demonic crawler.
You hit the demonic crawler but do no damage.
The demonic crawler is lightly wounded.
The demonic crawler completely misses you.
You block the demonic crawler's attack. The demonic crawler hits you.
* * * LOW HITPOINT WARNING * * *
You hit the demonic crawler but do no damage.
Your headbutt misses the demonic crawler.
The demonic crawler is lightly wounded.
You block the demonic crawler's attack. x2
The demonic crawler hits you but does no damage.
You hit the demonic crawler.
The demonic crawler is lightly wounded.
The demonic crawler hits you but does no damage.
You block the demonic crawler's attack.
The demonic crawler hits you but does no damage.
The demonic crawler hits you.
You die...

##################
#<.#..').#..'.†#__
#..'[.#..').#..'..
#ss#####'#####'#__
#@.####..#...#.###
#..#__####..##.#≈§
#..#_____##'#_.+≈§
#⌠⌠#_.∩...'..._#(§
####_..__##_.#'##'
#_____###+#.#..
####### ####+


You could see 2 demonic crawlers.

Vanquished Creatures
  2 centaur warriors (D)
  2 kobold demonologists (D)
  2 demonic crawlers (D)
  A slime creature (D)
  Sigmund (D)
  A yak (D)
  A floating eye (D)
  An ogre (D)
  A jelly (D)
  Ijyb (D)
13 creatures vanquished.

Notes
Turn   | Place    | Note
-------+----------+-------------------------------------------
     0 | D        | raphialitos the Minotaur Fighter began the quest for the
                  | Orb.
     0 | D        | Reached XP level 1. HP: 19/19 MP: 0/0
     1 | D        | Noticed Ijyb
    12 | D        | Killed Ijyb
    12 | D        | Reached skill level 5 in Fighting
    12 | D        | Reached skill level 5 in Armour
    12 | D        | Reached skill level 5 in Shields
    12 | D        | Reached XP level 2. HP: 27/29 MP: 1/1
    32 | D        | Noticed an ogre
    40 | D        | Killed an ogre
    40 | D        | Reached skill level 5 in Long Blades
    40 | D        | Reached XP level 3. HP: 24/39 MP: 2/2
    40 | D        | Reached XP level 4. HP: 29/47 MP: 3/3
   159 | D        | Noticed Sigmund
   166 | D        | Killed Sigmund
   166 | D        | Reached XP level 5. HP: 56/56 MP: 4/4
   181 | D        | Found a burning altar of Makhleb.
   181 | D        | Found a viscous altar of Jiyva.
   181 | D        | Found a shimmering altar of Xom.
   181 | D        | Found a corrupted altar of Lugonu.
   181 | D        | Noticed a slime creature
   190 | D        | Killed a slime creature
   190 | D        | Reached skill level 10 in Fighting
   190 | D        | Reached XP level 6. HP: 64/66 MP: 5/5
   197 | D        | Found an ornate altar of the Wu Jian Council.
   197 | D        | Found a shimmering blue altar of Sif Muna.
   199 | D        | Found a radiant altar of Vehumet.
   253 | D        | Became a worshipper of the Wu Jian Council
   327 | D        | Found Afrorph's Book Emporium.
   327 | D        | Found an ancient bone altar of Kikubaaqudgha.
   327 | D        | Found a hazy altar of Hepliaklqana.
   327 | D        | Found a stormy altar of Qazlal.
   327 | D        | Found a hide-covered altar of Uskayaw.
   327 | D        | Found a blossoming altar of Fedhas.
   327 | D        | Found a bloodstained altar of Trog.
   327 | D        | Found an iron altar of Okawaru.
   327 | D        | Found a basalt altar of Yredelemnul.
   327 | D        | Found a glowing golden altar of the Shining One.
   327 | D        | Found a snail-covered altar of Cheibriados.
   327 | D        | Found a sacrificial altar of Ru.
   327 | D        | Found a glowing silver altar of Zin.
   327 | D        | Found a shadowy altar of Dithmenos.
   327 | D        | Found a white marble altar of Elyvilon.
   327 | D        | Noticed a yak
   332 | D        | Killed a yak
   332 | D        | Reached skill level 10 in Shields
   332 | D        | Reached XP level 7. HP: 65/73 MP: 6/6
   333 | D        | Found an opulent altar of Gozag.
   336 | D        | Found a sparkling altar of Nemelex Xobeh.
   387 | D        | Noticed a centaur warrior
   387 | D        | Noticed a centaur warrior
   391 | D        | Killed a centaur warrior
   391 | D        | Reached skill level 10 in Long Blades
   391 | D        | Reached skill level 10 in Armour
   391 | D        | Reached skill level 1 in Dodging
   391 | D        | Reached XP level 8. HP: 59/83 MP: 7/7
   410 | D        | Killed a centaur warrior
   410 | D        | Reached * piety under Wu Jian
   857 | D        | Noticed a kobold demonologist
   858 | D        | Noticed a kobold demonologist
   859 | D        | Reached XP level 9. HP: 92/92 MP: 8/8
   863 | D        | Killed a kobold demonologist
   866 | D        | Noticed a sun demon
   869 | D        | Killed a kobold demonologist
   869 | D        | Reached ** piety under Wu Jian
  1032 | D        | Noticed a demonic crawler
  1032 | D        | Noticed a demonic crawler
  1032 | D        | Noticed a demonic crawler
  1032 | D        | Noticed a demonic crawler
  1040 | D        | Killed a demonic crawler
  1370 | D        | Killed a demonic crawler
  1387 | D        | HP: 2/93 [demonic crawler (6)]
  1389 | D        | Slain by a demonic crawler

Illustrated notes

Levels and vault maps discovered:
D:        dungeon_sprint_1 [red_sonja_temple_1, red_sonja_temple_small_1]

Skill      XL: |  1  2  3  4  5  6  7  8  9 |
---------------+----------------------------+-----
Fighting       | 5 7 8 10 11 12 13 | 13.4
Long Blades    | 3 5 6 8 10 12 13 | 13.5
Armour         | 5 6 8 9 10 11 12 | 12.0
Shields        | 5 6 8 9 10 11 12 13 | 13.7
Dodging        | 1 2 3 |  3.7
Stealth        | |  0.5

Action                   |  1- 3 |  4- 6 |  7- 9 || total
-------------------------+-------+-------+-------++-------
Melee: Long sword        |    17 |    25 |    61 ||   103
       Headbutt          |     4 |    10 |    19 ||    33
Invok: Whirlwind         |       |       |     9 ||     9
       Lunge             |       |       |     4 ||     4
  Use: Potion            |       |     1 |     4 ||     5
Armor: Scale mail        |     3 |     1 |    34 ||    38
Dodge: Dodged            |     5 |     4 |    47 ||    56
Block: Kite shield       |    10 |    14 |    64 ||    88
       Rpst.: Long sword |     1 |       |     4 ||     5
